 Dungeon Crawl Stone Soup version 0.19-a0-1720-gc855d72 (webtiles) character file.

36817 DevlanMud the Brawler (level 13, 0/121 HPs)
             Began as a Troll Monk on Sept 30, 2016.
             Was the Champion of Ru.
             Slain by an orange demon (13 damage)
             ... on level 6 of the Lair of Beasts.
             The game lasted 00:44:54 (15800 turns).

DevlanMud the Brawler (Troll Monk)                 Turns: 15800, Time: 00:44:55

Health: 0/121      AC: 15    Str: 21    XL:     13   Next: 55%
Magic:  10/10      EV: 13    Int:  7    God:    Ru [******]
Gold:   1155       SH:  0    Dex: 17    Spells: 0 memorised, 12 levels left

rFire  + . .     SeeInvis +       - Unarmed
rCold  . . .     Gourm    +     R - +1 robe "Ypnomiopa" {rPois}
rNeg   . . .     Faith    .     (no shield)
rPois  +         Spirit   .     (helmet restricted)
rElec  .         Dismiss  .     E - +2 cloak of Parlour Games {rF+ rCorr Dex+3 Slay+3}
rCorr  +         Reflect  .     (gloves unavailable)
MR     .....     Harm     .     (boots unavailable)
Stlth  ..........               (no amulet)
                                I - +5 ring of protection
                                x - ring of see invisible

@: no status effects
A: unfitting armour, claws 3, hooves 1, fast metabolism 3, frail 1, gourmand,
low mp 1, regeneration 1, shaggy fur 1, tough skin 2, weak 1, no stealth,
inability to use devices, hated by all, inexperienced 1
a: Draw Out Power, Power Leap, Apocalypse, Renounce Religion


You were on level 6 of the Lair of Beasts.
You worshipped Ru.
Ru was exalted by your worship.
You were completely stuffed.

You visited 2 branches of the dungeon, and saw 17 of its levels.
You also visited: Sewer.

You collected 1155 gold pieces.

Inventory:

Hand Weapons
 v - the +2 trident of Foolhardiness {venom, rPois rC- Dex+6 Stlth-}
   (You found it in a sewer)

   It poisons the flesh of those it strikes.
   It affects your dexterity (+6).
   It makes you vulnerable to cold.
   It protects you from poison.
   It makes you less stealthy.
 w - the +9 long sword "Orb Guardian's Foe" {freeze, rPois rF+ Str+3}
   (You found it on level 6 of the Dungeon)

   It has been specially enchanted to freeze those struck by it, causing extra
   injury to most foes and up to half again as much damage against particularly
   susceptible opponents.
   It can also slow down cold-blooded creatures.
   It affects your strength (+3).
   It protects you from fire.
   It protects you from poison.
 F - a +1 scimitar of flaming
 L - the +7 war axe of the Battered Blessings {freeze, rN+ Int+4}
   (You found it on level 11 of the Dungeon)

   It has been specially enchanted to freeze those struck by it, causing extra
   injury to most foes and up to half again as much damage against particularly
   susceptible opponents.
   It can also slow down cold-blooded creatures.
   It affects your intelligence (+4).
   It protects you from negative energy.
Missiles
 J - 14 javelins
 N - 12 tomahawks (quivered)
Armour
 a - a +0 robe
 b - a steam dragon hide
 f - the +2 robe of the Evening {rF+ MR+}
   (You took it off a crimson imp on level 7 of the Dungeon)

   It protects you from fire.
   It affects your resistance to hostile enchantments.
 s - a +0 cloak
 E - the +2 cloak of Parlour Games (worn) {rF+ rCorr Dex+3 Slay+3}
   (You found it on level 9 of the Dungeon)

   It affects your dexterity (+3).
   It affects your accuracy and damage with ranged weapons and melee attacks
   (+3).
   It protects you from fire.
   It protects you from acid and corrosion.
 R - the +1 robe "Ypnomiopa" (worn) {rPois}
   (You acquired it on level 3 of the Lair of Beasts)

   It protects you from poison.
Jewellery
 h - an uncursed ring of fire
 p - an uncursed ring of protection from cold
 x - a ring of see invisible (left claw)
 z - an uncursed ring of protection from cold
 I - a +5 ring of protection (right claw)
 M - an uncursed ring of flight
 Q - an uncursed ring of protection from cold
Scrolls
 e - 11 scrolls of teleportation
 j - 5 scrolls of remove curse
 o - a scroll of immolation
 y - 2 scrolls of recharging
 B - a scroll of magic mapping
 G - 2 scrolls of enchant weapon
 K - 5 scrolls of identify
 U - a scroll of blinking
Potions
 i - 2 potions of brilliance
 l - a potion of agility
 m - 2 potions of cure mutation
 n - 6 potions of curing
 u - 3 potions of resistance
 H - a potion of heal wounds
 O - a potion of cancellation
Books
 c - a book of Maledictions

   Spells                             Type                      Level
   a - Corona                         Hexes                        1
   b - Ensorcelled Hibernation        Hexes/Ice                    2
   c - Confuse                        Hexes                        3
   d - Tukima's Dance                 Hexes                        3
   e - Dazzling Spray                 Conjuration/Hexes            3
 d - a book of Enchantments

   Spells                             Type                      Level
   a - Cause Fear                     Hexes                        4
   b - Yara's Violent Unravelling     Hexes/Transmutation          5
   c - Silence                        Hexes/Air                    5
   d - Deflect Missiles               Charms/Air                   6
   e - Haste                          Charms                       6
   f - Discord                        Hexes                        8
 q - a book of Cantrips

   Spells                             Type                      Level
   a - Confusing Touch                Hexes                        1
   b - Animate Skeleton               Necromancy                   1
   c - Summon Small Mammal            Summoning                    1
   d - Apportation                    Translocation                1
 r - a book of Conjurations

   Spells                             Type                      Level
   a - Magic Dart                     Conjuration                  1
   b - Searing Ray                    Conjuration                  2
   c - Dazzling Spray                 Conjuration/Hexes            3
   d - Fulminant Prism                Conjuration/Hexes            4
   e - Iskenderun's Mystic Blast      Conjuration                  4
   f - Iskenderun's Battlesphere      Conjuration/Charms           5
 t - a book of Summonings

   Spells                             Type                      Level
   a - Recall                         Summoning/Translocation      3
   b - Aura of Abjuration             Summoning                    5
   c - Summon Demon                   Summoning                    5
   d - Summon Forest                  Summoning/Translocation      5
   e - Summon Mana Viper              Hexes/Summoning              5
   f - Shadow Creatures               Summoning                    6
 A - a book of Geomancy

   Spells                             Type                      Level
   a - Sandblast                      Earth                        1
   b - Passwall                       Transmutation/Earth          2
   c - Stone Arrow                    Conjuration/Earth            3
   d - Petrify                        Transmutation/Earth          4
   e - Lee's Rapid Deconstruction     Earth                        5
Comestibles
 g - a royal jelly
 k - 11 meat rations
 C - 11 slices of pizza
 D - 7 bread rations
 P - 2 beef jerkies
 S - 10 fruits
 T - 18 chunks of flesh


   Skills:
 + Level 10.4 Fighting
 * Level 9.9 Throwing
 + Level 5.7 Dodging
 + Level 16.8 Unarmed Combat


You had 12 spell levels left.
You didn't know any spells.

Dungeon Overview and Level Annotations

Branches:
Dungeon (11/15)            Temple (0/1) D:7            Lair (6/6) D:11
 Shoals (0/4) Lair:4       Spider (0/4) Lair:3        Slime (0/5) Lair:5
    Orc (0/2) D:11

Altars:
Cheibriados
Elyvilon
Kikubaaqudgha
Makhleb
Nemelex Xobeh
Ru

Shops:
D:8 (   D:9 *


Innate Abilities, Weirdness & Mutations

You are too large for most types of armour.
You have claws for hands.
Your metabolism is lightning-fast.
You like to eat raw meat.
Your natural rate of healing is unusually fast.
You are covered in fur. (AC +1)
You have very tough skin. (AC +2)
You are weak. (Str -2)
You cannot be stealthy.
You cannot study or use magical devices.
You are hated by all.
You are somewhat inexperienced. (-2 XL)
You have large cloven feet.
You are frail. (-10% HP)
Your magical capacity is low. (-10% MP)


Message History

You are too injured to fight recklessly!
You mangle the wizard!! You kick the wizard, but do no damage.
The wizard is almost dead.
The wizard hits you with a dagger.
* * * LOW HITPOINT WARNING * * *
The orange demon closely misses you. The orange demon stings you from afar!
* * * LOW HITPOINT WARNING * * *
You miss the wizard.
The wizard is almost dead.
The wizard hits you but does no damage. The orange demon completely misses you.
The orange demon closely misses you.
A sun demon comes into view.
You barely miss the wizard.
The sun demon shouts!
Your kick misses the wizard.
The wizard is almost dead.
The wizard begins to cast a spell, but is stunned by your will!
The hell hound begins to attack, but is stunned by your will!
The orange demon stings you from afar!
You die...

........#
..8.8...# ♣♣
...8.8..# ♣.
..8.8...# ♣.. ♣♣
...8.8..# ♣.. ♣♣.
..8.8.h4# ♣.♣ ♣♣..
.3.8.844# ♣..♣♣..♣
.....4hp#♣ ♣..♣..♣
########@♣♣♣♣♣
♣♣..♣♣ ♣♣♣.♣♣.♣♣
♣♣..♣♣
♣♣♣÷......♣♣
♣♣..♣♣
♣(÷..♣♣♣...♣♣♣..♣♣
♣.(.♣♣♣♣
♣♣♣♣..♣.♣♣ ♣.((♣
♣♣♣..†♣ ♣.(♣♣
♣♣....♣ ..( ♣♣..♣♣
♣( .♣♣


You could see a sun demon, 4 orange demons, a wizard and 2 hell hounds.

Vanquished Creatures
  A dire elephant (Lair:6)
  Josephine (Lair:4)
  5 hydras
  Fannar (D:11)
  Erica (D:8)
  A death yak (Lair:4)
  Urug (Lair:5)
  Nergalle (Lair:4)
  A sixfirhy (Lair:6)
  Pikel (D:7)
  2 hill giants
  A manticore (D:11)
  2 ugly things (D:11)
  The ghost of thetao the Carver, a novice HECK of Xom (D:7)
  Joseph (D:7)
  4 black mambas
  3 elephants (Lair:5)
  Psyche (D:8)
  12 spiny frogs
  9 komodo dragons
  A rime drake (Lair:3)
  3 jumping spiders (Lair:3)
  2 polar bears
  A red devil (Lair:6)
  A two-headed ogre (D:10)
  Grinder (D:6)
  8 blink frogs
  9 hippogriffs
  Prince Ribbit (D:8)
  7 dream sheep (Lair:6)
  6 redbacks (Lair:3)
  34 yaks
  5 wraiths
  A wyvern (Lair:5)
  A steam dragon (D:7)
  A hungry ghost (D:7)
  A human (D:7)
  2 basilisks
  Eustachio (D:6)
  4 hogs (D:7)
  A soldier ant (D:11)
  14 water moccasins
  5 porcupines
  A black bear (D:10)
  A sky beast (D:8)
  6 orc warriors
  3 ice beasts
  3 wolves (Lair:3)
  4 slaves (D:7)
  9 centaurs
  3 ogres
  7 crocodiles
  4 big kobolds
  Blork the orc (D:6)
  14 bullfrogs
  2 gnoll sergeants
  3 scorpions
  A wight (D:5)
  11 killer bees
  2 howler monkeys
  6 crimson imps
  6 hounds
  A quasit (D:9)
  A bullfrog zombie (D:10)
  A centaur skeleton (D:6)
  3 jellies
  Crazy Yiuf (D:5)
  7 orc priests
  A bullfrog skeleton (D:5)
  13 orc wizards
  8 iguanas
  Ijyb (D:2)
  10 worker ants
  A hound skeleton (D:9)
  A worker ant zombie (D:9)
  10 gnolls
  11 adders
  34 river rats
  2 shadow imps (D:10)
  4 oozes
  An adder zombie (D:5)
  3 adder skeletons
  4 worms
  4 dart slugs
  7 leopard geckos
  40 orcs
  4 ball pythons
  14 giant cockroaches
  11 goblins
  9 hobgoblins
  18 jackals
  2 quokkas
  8 bats
  10 frilled lizards
  2 jackal skeletons
  24 kobolds
  A leopard gecko skeleton (D:4)
  10 rats
  3 fungi
  5 plants
537 creatures vanquished.

Vanquished Creatures (others)
  A hydra (Lair:6)
  A komodo dragon (Lair:6)
  A yak (D:11)
  A bullfrog (Lair:5)
  An iguana (Lair:1)
  An orc wizard (D:11)
  An orc (D:7)
  2 kobolds
  2 fungi
  7 plants
18 creatures vanquished.

Grand Total: 555 creatures vanquished

Notes
Turn   | Place    | Note
-------+----------+-------------------------------------------
     0 | D:1      | DevlanMud the Troll Monk began the quest for the Orb.
     0 | D:1      | Reached XP level 1. HP: 22/22 MP: 0/0
    64 | D:1      | Reached XP level 2. HP: 20/29 MP: 1/1
   242 | D:1      | Reached skill level 4 in Unarmed Combat
   372 | D:1      | Reached XP level 3. HP: 36/36 MP: 2/2
   926 | D:2      | Reached XP level 4. HP: 42/44 MP: 3/3
   966 | D:2      | Reached skill level 5 in Unarmed Combat
  1166 | D:2      | Found a sparkling altar of Nemelex Xobeh.
  1387 | D:3      | Noticed Ijyb
  1426 | D:2      | Killed Ijyb
  1426 | D:2      | Reached XP level 5. HP: 14/50 MP: 4/4
  1567 | D:3      | Reached skill level 6 in Unarmed Combat
  1656 | D:3      | Found a sacrificial altar of Ru.
  1710 | D:3      | Became a worshipper of Ru the Awakened
  1734 | D:3      | Gained mutation: You are hated by all. [Ru sacrifice]
  1734 | D:3      | Reached * piety under Ru
  2241 | D:4      | Reached XP level 6. HP: 33/59 MP: 5/5
  2331 | D:4      | Reached skill level 7 in Unarmed Combat
  2545 | D:4      | Reached skill level 8 in Unarmed Combat
  2545 | D:4      | Reached XP level 7. HP: 29/66 MP: 6/6
  2778 | D:4      | Gained mutation: Your magical capacity is low. (-10% MP) [potion of mutation]
  2778 | D:4      | Gained mutation: You have large cloven feet. [potion of mutation]
  2778 | D:4      | Gained mutation: You are frail. (-10% HP) [potion of mutation]
  3136 | D:5      | Entered Level 5 of the Dungeon
  3143 | D:5      | Found a glowing drain.
  3197 | Sewer    | Entered a sewer
  3379 | Sewer    | Gained mutation: You cannot be stealthy. [Ru sacrifice]
  3379 | Sewer    | Reached ** piety under Ru
  3448 | Sewer    | Got an ichor-stained trident
  3449 | Sewer    | Identified the cursed +2 trident of Foolhardiness {venom, rPois rC- Dex+6 Stlth-} (You found it in a sewer)
  3800 | D:5      | Reached skill level 9 in Unarmed Combat
  3896 | D:5      | Reached XP level 8. HP: 65/67 MP: 6/6
  3921 | D:5      | Found a snail-covered altar of Cheibriados.
  4266 | D:5      | Found a runed door.
  4270 | D:5      | Noticed Crazy Yiuf
  4274 | D:5      | Killed Crazy Yiuf
  4435 | D:6      | Got a shimmering long sword
  4436 | D:6      | Identified the +9 long sword "Orb Guardian's Foe" {freeze, rPois rF+ Str+3} (You found it on level 6 of the Dungeon)
  4465 | D:6      | Noticed Blork the orc
  4473 | D:6      | Killed Blork the orc
  4514 | D:6      | Noticed Grinder
  4517 | D:6      | Paralysed by Grinder for 2 turns
  4521 | D:6      | Paralysed by Grinder for 5 turns
  4650 | D:6      | Paralysed by Grinder for 7 turns
  4659 | D:6      | Killed Grinder
  4659 | D:6      | Reached skill level 10 in Unarmed Combat
  5001 | D:6      | Noticed Eustachio
  5015 | D:6      | Killed Eustachio
  5079 | D:6      | Found an ancient bone altar of Kikubaaqudgha.
  5249 | D:7      | Noticed Pikel
  5250 | D:7      | Noticed thetao's ghost (novice HECK)
  5267 | D:7      | Killed thetao's ghost
  5267 | D:7      | Reached skill level 5 in Fighting
  5267 | D:7      | Reached skill level 11 in Unarmed Combat
  5267 | D:7      | Reached XP level 9. HP: 68/79 MP: 7/7
  5276 | D:7      | Killed Pikel
  5493 | D:7      | Reached skill level 12 in Unarmed Combat
  5510 | D:7      | Noticed Joseph
  5523 | D:7      | Killed Joseph
  5570 | D:7      | Reached XP level 10. HP: 57/90 MP: 8/8
  5856 | D:7      | Reached skill level 13 in Unarmed Combat
  5857 | D:7      | Found a staircase to the Ecumenical Temple.
  6027 | D:7      | Got a steaming robe
  6038 | D:7      | Identified the +2 robe of the Evening {rF+ MR+} (You took it off a crimson imp on level 7 of the Dungeon)
  6212 | D:8      | Noticed Psyche
  6224 | D:8      | Noticed Erica
  6360 | D:8      | Killed Erica
  6430 | D:8      | Killed Psyche
  6459 | D:8      | Found Wieho's Antique Weapon Shoppe.
  6508 | D:8      | Gained mutation: You cannot study or use magical devices. [Ru sacrifice]
  6508 | D:8      | Reached *** piety under Ru
  6508 | D:8      | Reached **** piety under Ru
  6555 | D:8      | Noticed Prince Ribbit
  6570 | D:8      | Killed Prince Ribbit
  6633 | D:8      | Reached skill level 14 in Unarmed Combat
  7057 | D:9      | Found a white marble altar of Elyvilon.
  7281 | D:9      | Found Oliuxenayk's General Store.
  7303 | D:9      | Got a slimy cloak
  7314 | D:9      | Identified the +2 cloak of Parlour Games {rF+ rCorr Dex+3 Slay+3} (You found it on level 9 of the Dungeon)
  7496 | D:9      | Reached XP level 11. HP: 69/99 MP: 8/8
  7693 | D:10     | Entered Level 10 of the Dungeon
  7808 | D:10     | Noticed a hill giant
  7815 | D:10     | Killed a hill giant
  7815 | D:10     | Reached skill level 1 in Throwing
  7958 | D:10     | Found a burning altar of Makhleb.
  7958 | D:10     | Noticed a blizzard demon
  8404 | D:11     | Found a staircase to the Lair.
  8459 | D:11     | Noticed Fannar
  8468 | D:11     | Killed Fannar
  8474 | D:11     | Gained mutation: You are somewhat inexperienced. (-2 XL) [Ru sacrifice]
  8474 | D:11     | Reached XP level 10. HP: 93/93 MP: 8/8
  8474 | D:11     | Reached XP level 9. HP: 86/86 MP: 7/7
  8474 | D:11     | Reached ***** piety under Ru
  8492 | D:11     | Noticed a hill giant
  8502 | D:11     | Killed a hill giant
  8571 | D:11     | Found a staircase to the Orcish Mines.
  8575 | D:11     | Noticed a manticore
  8583 | D:11     | Killed a manticore
  8587 | D:11     | Noticed a purple ugly thing
  8599 | D:11     | Killed a purple ugly thing
  8599 | D:11     | Reached skill level 15 in Unarmed Combat
  8599 | D:11     | Reached XP level 10. HP: 80/93 MP: 8/8
  8644 | D:11     | Got a twisted war axe
  8645 | D:11     | Identified the +7 war axe of the Battered Blessings {freeze, rN+ Int+4} (You found it on level 11 of the Dungeon)
  8925 | D:11     | Noticed a purple ugly thing
  8933 | D:11     | Killed a purple ugly thing
  9855 | Lair:1   | Entered Level 1 of the Lair of Beasts
 10023 | Lair:1   | Noticed a spiny frog
 10033 | Lair:1   | Killed a spiny frog
 10059 | Lair:1   | Noticed a spiny frog
 10064 | Lair:1   | Killed a spiny frog
 10306 | Lair:1   | Noticed a spiny frog
 10310 | Lair:1   | Killed a spiny frog
 10325 | Lair:1   | Noticed a spiny frog
 10330 | Lair:1   | Killed a spiny frog
 10330 | Lair:1   | Reached XP level 11. HP: 88/101 MP: 8/8
 10884 | Lair:2   | Gained mutation: You are weak. (Str -2) [Ru sacrifice]
 10884 | Lair:2   | Reached ****** piety under Ru
 11197 | Lair:2   | Reached skill level 16 in Unarmed Combat
 11680 | Lair:3   | Reached skill level 5 in Throwing
 11845 | Lair:3   | Found a hole to the Spider Nest.
 12099 | Lair:3   | Noticed an eight-headed hydra
 12109 | Lair:3   | Killed an eight-headed hydra
 12191 | Lair:3   | Noticed a four-headed hydra
 12194 | Lair:3   | Killed a four-headed hydra
 12357 | Lair:3   | Identified a scroll of acquirement
 12358 | Lair:3   | Got a distressingly furry robe
 12369 | Lair:3   | Identified the +1 robe "Ypnomiopa" {rPois} (You acquired it on level 3 of the Lair of Beasts)
 12432 | Lair:3   | Reached XP level 12. HP: 89/110 MP: 9/9
 13174 | Lair:4   | Noticed Nergalle
 13177 | Lair:4   | Found a staircase to the Shoals.
 13184 | Lair:4   | Killed Nergalle
 13219 | Lair:4   | Noticed a six-headed hydra
 13230 | Lair:4   | Killed a six-headed hydra
 13267 | Lair:4   | Noticed a seven-headed hydra
 13277 | Lair:4   | Killed a seven-headed hydra
 13609 | Lair:4   | Noticed Josephine
 13620 | Lair:4   | Killed Josephine
 14160 | Lair:5   | Found a staircase to the Slime Pits.
 14186 | Lair:5   | Noticed an eight-headed hydra
 14196 | Lair:5   | Killed an eight-headed hydra
 14284 | Lair:5   | Noticed a death yak
 14296 | Lair:4   | Killed a death yak
 14408 | Lair:5   | Reached skill level 10 in Fighting
 14452 | Lair:5   | Noticed Urug
 14464 | Lair:5   | Killed Urug
 14464 | Lair:5   | Reached XP level 13. HP: 77/119 MP: 10/10
 15065 | Lair:6   | Entered Level 6 of the Lair of Beasts
 15124 | Lair:5   | Reached skill level 5 in Dodging
 15694 | Lair:6   | Noticed a dire elephant
 15707 | Lair:6   | Killed a dire elephant
 15800 | Lair:6   | Slain by an orange demon

Vault maps used:
D:1:      shiori_shiawase
D:2:      nemelex_xobeh_ov_fountains_minmay
D:3:      nicolae_ru_sacrificial_ziggurat, kennysheep_generic_room_8, uniq_iyjb
D:4:      first_bread, nrook_mini_vaults
D:5:      lemuel_doored_altar, portal_sewer_entry_a, kennysheep_big_empty_room,
          sword_in_stone, uniq_crazy_yiuf_cottage
D:6:      kiku_gazebo_pond_becter, uniq_blork_the_orc, uniq_eustachio,
          uniq_grinder
D:7:      grunt_livestock, amethyst_killhole, grunt_ministairs_1, uniq_joseph,
          uniq_pikel
D:8:      serial_shops, kennysheep_mini_moat, feat_on_display, uniq_erica,
          uniq_prince_ribbit1, uniq_psyche
D:9:      nicolae_whirlpool, elyvilon_altar_4, serial_shops, shop_statue
D:10:     makhleb_altar_promises_db
D:11:     lair_0_dummy, erik_orc_3, solitary_fountain, uniq_fannar
Lair:1:   beast_lair_carwin_5
Lair:3:   nicolae_spider_entry_tight_spaces, infiniplex_staircase_pool
Lair:4:   shoals_dummy_entry, lemuel_fruit_fields, serial_bayou_shore_b,
          grunt_megastairs_4, lemuel_fruit_fields, uniq_nergalle, uniq_josephine
Lair:5:   nicolae_slime_entry_slimehenge, beast_lair_carwin_7,
          bh_autumn_forest_stairs, uniq_urug
Lair:6:   evil_forest, minivault_19, grunt_megastairs_5
Sewer:    sewer_frog_island_01

Skill      XL: |  1  2  3  4  5  6  7  8  9 10 11 12 13 |
---------------+----------------------------------------+-----
Unarmed Combat | 4 5 6 8 9 11 15 14 16 | 16.8
Stealth        | 0 |  0.0
Fighting       | 3 5 6 7 9 10 | 10.4
Throwing       | 3 4 6 8 9 |  9.9
Dodging        | 3 4 5 |  5.7

Action                   |  1- 3 |  4- 6 |  7- 9 | 10-12 | 13-15 || total
-------------------------+-------+-------+-------+-------+-------++-------
Melee: Unarmed           |    94 |   203 |   295 |   710 |   150 ||  1452
       Punch             |     1 |     4 |    16 |    49 |     9 ||    79
       Kick              |       |       |    83 |   232 |    60 ||   375
Throw: Tomahawk          |       |       |       |    35 |    14 ||    49
Invok: Sacrifice Love    |       |     1 |       |       |       ||     1
       Sacrifice Stealth |       |       |     1 |       |       ||     1
       Sacrifice Experie |       |       |     1 |       |       ||     1
       Power Leap        |       |       |       |     2 |       ||     2
       Sacrifice Artific |       |       |       |     1 |       ||     1
       Apocalypse        |       |       |       |     3 |       ||     3
       Sacrifice Purity  |       |       |       |     1 |       ||     1
  Use: Scroll            |     5 |     3 |    10 |     7 |       ||    25
       Potion            |       |     4 |     3 |     2 |       ||     9
 Stab: Sleeping          |     1 |     4 |       |       |       ||     5
       Invisible         |       |     3 |       |     3 |     2 ||     8
       Distracted        |       |       |     2 |     3 |       ||     5
       Paralysed         |       |       |       |     7 |     4 ||    11
  Eat: Chunk             |    14 |    15 |    35 |    75 |    12 ||   151
       Beef jerky        |       |       |       |     4 |       ||     4
Armor: Robe              |    38 |    77 |    85 |   243 |    60 ||   503
Dodge: Dodged            |    52 |   132 |   112 |   337 |    90 ||   723
